 Dungeon Crawl Stone Soup version 0.26-a0-672-g1df16c3386 (webtiles) character file.

Game seed: 13612245258678835672

1526 somkeydreadnuts the Digger (level 8, -3/46 HPs)
             Began as an Octopode Earth Elementalist on Oct 19, 2020.
             Slain by an orc warrior
             ... wielding a +2 antimagic halberd
              (27 damage)
             ... on level 6 of the Dungeon.
             The game lasted 00:28:12 (6442 turns).

somkeydreadnuts the Digger (OpEE)                   Turns: 6442, Time: 00:28:15

Health: -3/46      AC:  3    Str:  9    XL:     8   Next: 85%
Magic:  1/18       EV: 13    Int: 20    God:
Gold:   322        SH:  5    Dex: 12    Spells: 20/21 levels left

rFire    + . .     SeeInvis .   u - +2 hand axe (venom)
rCold    . . .     Faith    .   (no shield)
rNeg     . . .     Spirit   .   (helmet restricted)
rPois    .         Reflect  +   j - amulet of reflection
rElec    .         Harm     .   (no ring)
rCorr    .         Rampage  .   (no ring)
MR       .....                  (no ring)
Stlth    +++.......             (no ring)
HPRegen  0.55/turn              (no ring)
MPRegen  0.16/turn              (no ring)
                                (no ring)
                                (no ring)

@: mighty
A: almost no armour, stealthy swim, amphibious, 8 rings, constrict 8, yellow
scales 1, camouflage 1, fire resistance 1, regeneration 1, strong 1, gelatinous
body 1
a: no special abilities


You were on level 6 of the Dungeon.
You visited 1 branch of the dungeon, and saw 6 of its levels.

You collected 322 gold pieces.

Inventory:

Hand Weapons
 g - a +0 club
 k - a +2 quarterstaff of chaos
 u - a +2 hand axe of venom (weapon)
Missiles
 b - 140 stones (quivered)
Jewellery
 j - an amulet of reflection (around mantle)
 q - an uncursed amulet of faith
 t - an uncursed amulet of guardian spirit
 x - an uncursed ring of attention
Wands
 h - a wand of acid (8)
Scrolls
 a - 2 scrolls of teleportation
 c - 5 scrolls of identify
 d - a scroll of magic mapping
 f - 2 scrolls of enchant armour
 l - a scroll of fear
 m - 2 scrolls of enchant weapon
 n - a scroll of remove curse
Potions
 e - 2 potions of curing
 p - 4 potions of stabbing {unknown}
 w - a potion of lignification {unknown}


   Skills:
 + Level 1.7 Axes
 - Level 0.1 Staves
 - Level 2.2 Dodging
 - Level 3.2 Stealth
 - Level 0.2 Unarmed Combat
 + Level 7.2 Spellcasting
   Level 1.0 Transmutations
 + Level 7.6 Earth Magic


You had 20 spell levels left.
You knew the following spells:

 Your Spells              Type           Power        Failure   Level
a - Sandblast             Erth           #####.       1%          1

Your spell library contained the following spells:

 Spells                   Type           Power        Failure   Level
 Passwall                 Tmut/Erth      ###.....     2%          2
 Stone Arrow              Conj/Erth      ###...       6%          3
 Corona                   Hex            #......      10%         1
 Lee's Rapid Deconstruct  Erth           #####.....   11%         5
 Ensorcelled Hibernation  Hex/Ice        #.....       14%         2
 Petrify                  Tmut/Erth      ###.....     16%         4
 Confusing Touch          Hex            #.......     28%         3
 Dazzling Flash           Conj/Hex       #.....       28%         3
 Tukima's Dance           Hex            #.......     28%         3


Dungeon Overview and Level Annotations

Branches:
Dungeon (6/15)
 Temple: D:4-7

Altars:
Qazlal
Uskayaw


Innate Abilities, Weirdness & Mutations

You cannot wear most types of armour.
You are very stealthy in the water. (Stealth+)
You are amphibious.
You can wear up to eight rings at the same time.
You can use your tentacles to constrict eight enemies at once.
Your skin changes colour to match your surroundings (Stealth+).
Your rubbery body absorbs attacks. (AC +1, EV +1)
You are partially covered in yellow scales. (AC +2)
Your flesh is heat resistant. (rF+)
Your natural rate of healing is unusually fast.
Your muscles are strong. (Str +2)


Message History

You feel your power leaking away.
Casting: Sandblast (safe; 1% risk of failure)
Confirm with . or Enter, or press ? or * to list all spells.
You don't have enough magic to cast that spell.
You feel very mighty all of a sudden. The orc warrior closely misses you.
You feel better.
Unknown command.
The orc warrior misses you.
An orc comes into view.
Things that are here:
a +0 hand axe; a +0 ring mail; an orc corpse The orc shouts!
You hit the orc warrior.
The orc warrior is poisoned.
Your grab misses the orc warrior.
The orc warrior is lightly wounded.
You hear a shout!
The orc warrior hits you with a +2 antimagic halberd!!
Ouch! That really hurt!
You die...

++####..........#
..............####
..................#
.......#...........#
######..###+#......# ##.
##+#......# ####
#.##.........# ....
#..#.........# .....
##@#.........#
.....####o..........#
......o.............#
.....o..............####
......o.................
#.........>.>.........
#.....................
#.........#...........
#.........#...........


You could see an orc warrior (very poisoned) and an orc.

Vanquished Creatures
  An orc warrior (D:6)
  3 sky beasts
  3 ogres (D:4)
  A water moccasin zombie (D:5)
  2 scorpions (D:4)
  2 howler monkeys
  2 hounds
  Crazy Yiuf (D:2)
  A jelly (D:4)
  3 orc priests
  A bullfrog skeleton (D:4)
  2 iguanas (D:4)
  Ijyb (D:5)
  3 orc wizards
  3 worker ants
  A howler monkey skeleton (D:4)
  5 adders
  A shadow imp (D:5)
  2 white imps
  2 ufetubi
  An adder zombie (D:5)
  3 leopard geckos
  25 orcs
  A ball python (D:4)
  3 giant cockroaches
  6 goblins
  8 hobgoblins
  15 jackals
  7 kobolds
  2 quokkas
  5 bats
  3 frilled lizards
  A jackal zombie (D:6)
  6 rats
126 creatures vanquished.

Notes
Turn   | Place    | Note
-------+----------+-------------------------------------------
     0 | D:1      | somkeydreadnuts the Octopode Earth Elementalist began the
                  | quest for the Orb.
     0 | D:1      | Reached XP level 1. HP: 11/11 MP: 3/3
   241 | D:1      | Reached XP level 2. HP: 12/17 MP: 1/5
   924 | D:2      | Found a runed translucent door.
   925 | D:2      | Noticed Crazy Yiuf
   932 | D:2      | Killed Crazy Yiuf
   932 | D:2      | Reached XP level 3. HP: 21/21 MP: 1/6
  1043 | D:2      | Found a stormy altar of Qazlal.
  1119 | D:2      | Reached XP level 4. HP: 24/27 MP: 8/8
  1833 | D:3      | Reached XP level 5. HP: 22/31 MP: 4/10
  2204 | D:3      | Upgraded the game from 0.26-a0-668-gd58323b419 to
                  | 0.26-a0-672-g1df16c3386
  3495 | D:4      | Reached XP level 6. HP: 23/36 MP: 7/12
  3634 | D:4      | Reached skill level 5 in Earth Magic
  3749 | D:4      | Reached skill level 5 in Spellcasting
  3749 | D:4      | Reached XP level 7. HP: 24/41 MP: 9/14
  4380 | D:4      | Reached XP level 8. HP: 9/46 MP: 11/17
  4923 | D:5      | Entered Level 5 of the Dungeon
  5035 | D:5      | Noticed a +0 dagger
  5048 | D:5      | Reached skill level 1 in Axes
  5329 | D:5      | Gained mutation: You are partially covered in yellow
                  | scales. (AC +2) [potion of mutation]
  5329 | D:5      | Gained mutation: Your muscles are strong. (Str +2) [potion
                  | of mutation]
  5329 | D:5      | Gained mutation: Your natural rate of healing is unusually
                  | fast. [potion of mutation]
  5329 | D:5      | Gained mutation: Your flesh is heat resistant. (rF+)
                  | [potion of mutation]
  5347 | D:5      | Noticed a +0 hand axe
  5351 | D:5      | Found a hide-covered altar of Uskayaw.
  5795 | D:5      | Noticed Ijyb
  5800 | D:5      | HP: 2/46 [acid (13)]
  5803 | D:5      | Killed Ijyb
  6442 | D:6      | Slain by an orc warrior

Illustrated notes

Levels and vault maps discovered:
D:1:      minmay_arrival_nine_rooms, layout_basic, serial_glass,
          glass_columns_a, glass_columns_a
D:2:      layout_loops_cross, grunt_qazlal_sundering, uniq_crazy_yiuf_cottage,
          uniq_sigmund, uniq_terence
D:3:      layout_loops_corners, minmay_pentangle
D:4:      layout_cave_pods
D:5:      layout_basic, dancing_weapons_uskayaw, uniq_ijyb
D:6:      layout_basic, nicolae_ru_great_annihilating_truth

Skill      XL: |  1  2  3  4  5  6  7  8 |
---------------+-------------------------+-----
Stealth        | 3 |  3.2
Spellcasting   | 3 4 5 6 7 |  7.2
Earth Magic    | 4 5 6 7 |  7.6
Axes           | 1 |  1.7
Staves         | |  0.1
Dodging        | |  2.2
Unarmed Combat | |  0.2
Transmutations | |  1.0

Action                   |  1- 3 |  4- 6 |  7- 9 || total
-------------------------+-------+-------+-------++-------
Melee: Unarmed           |    17 |       |       ||    17
       Tentacles         |     6 |     3 |     8 ||    17
       Constrict         |     5 |     6 |    12 ||    23
       Quarterstaff      |     3 |    29 |       ||    32
       Hand axe          |       |       |    56 ||    56
 Cast: Sandblast         |    22 |    77 |    77 ||   176
  Use: Scroll            |       |       |    11 ||    11
       Potion            |       |       |     8 ||     8
 Stab: Sleeping          |       |     1 |     2 ||     3
Armor: Skin              |     1 |     1 |     6 ||     8
Dodge: Dodged            |    14 |    34 |    53 ||   101
Block: Other             |       |       |    20 ||    20

Table legend: (Time is in decaauts)
 A = Elapsed time spent in this place.
 B = Non-inter-level travel time spent in this place.
 C = Inter-level travel time spent in this place.
 D = Time resting spent in this place.
 E = Time spent auto-exploring this place.
 F = Levels seen in this place.
 G = Mean time per level.
                   A        B        C        D        E       F      G
               +--------+--------+--------+--------+--------+-----+--------+
         Total |   6461 |   6461 |      0 |      0 |   4853 |   6 | 1076.8 |
       Dungeon |   6461 |   6461 |      0 |      0 |   4853 |   6 | 1076.8 |
               +--------+--------+--------+--------+--------+-----+--------+

Top non-repeatable levels by time:
     D:3: 1998 daAuts
     D:4: 1688 daAuts
     D:5: 1221 daAuts
     D:1: 875 daAuts
     D:2: 371 daAuts
     D:6: 306 daAuts
